 Dungeon Crawl Stone Soup version 0.25.1-2-g60ff931df9 (webtiles) character file.

Game seed: 3472070130458014219

8 HawFromDerth the Caller (level 2, -1/15 HPs)
             Began as a Deep Elf Summoner on Sept 20, 2020.
             Shot with a sling bullet by a goblin (9 damage)
             ... on level 2 of the Dungeon.
             The game lasted 00:02:01 (2155 turns).

HawFromDerth the Caller (Deep Elf Summoner)         Turns: 2155, Time: 00:02:02

Health: -1/15      AC:  2    Str:  5    XL:     2   Next: 0%
Magic:  4/8        EV: 13    Int: 19    God:
Gold:   45         SH:  0    Dex: 15    Spells: 7/8 levels left

rFire    . . .     SeeInvis .   (no weapon)
rCold    . . .     Gourm    .   (no shield)
rNeg     . . .     Faith    .   a - +0 robe
rPois    .         Spirit   .   (no helmet)
rElec    .         Reflect  .   (no cloak)
rCorr    .         Harm     .   (no gloves)
MR       .....                  (no boots)
Stlth    ++........             (no amulet)
HPRegen  0.05/turn              (no ring)
MPRegen  0.11/turn              (no ring)

@: no status effects
A: no striking features
a: no special abilities


You were on level 2 of the Dungeon.
You were near starving.

You visited 1 branch of the dungeon, and saw 2 of its levels.

You collected 45 gold pieces.

Inventory:

Armour
 a - a +0 robe (worn)
Jewellery
 g - a cursed -4 ring of protection {unknown}
Scrolls
 b - a scroll of noise {unknown}
 e - a scroll of fog {unknown}
 f - a scroll of enchant weapon {unknown}
 h - 2 scrolls of identify {unknown}
 j - a scroll of teleportation {unknown}
Potions
 d - a potion of lignification {unknown}
 i - a potion of brilliance {unknown}
 k - a potion of magic {unknown}
 l - a potion of flight {unknown}
Comestibles
 c - 3 rations


   Skills:
 + Level 2.4 Dodging
 + Level 2.5 Stealth
 + Level 3.5 Spellcasting
 + Level 4.5 Summonings


You had 7 spell levels left.
You knew the following spells:

 Your Spells              Type           Power        Failure   Level  Hunger
a - Summon Small Mammal   Summ           ###.         2%          1    None

Your spell library contained the following spells:

 Spells                   Type           Power        Failure   Level  Hunger
 Call Imp                 Summ           ###.....     3%          2    ##.....
 Call Canine Familiar     Summ           ###.....     7%          3    ###....
 Summon Guardian Golem    Hex/Summ       ##......     17%         3    ###....
 Summon Ice Beast         Ice/Summ       ##......     50%         4    ####...
 Summon Lightning Spire   Summ/Air       ##......     50%         4    ####...


Dungeon Overview and Level Annotations

Branches:
Dungeon (2/15)

Altars:


Message History

It bursts into flame!
The goblin shoots a sling bullet.
The sling bullet hits you. The sling bullet burns you.
You see here a sling bullet.
Casting: Summon Small Mammal (safe; 2% risk of failure)
Confirm with . or Enter, or press ? or * to list all spells.
Casting: Summon Small Mammal (safe; 2% risk of failure)
Confirm with . or Enter, or press ? or * to list all spells.
The goblin shoots a sling bullet.
The sling bullet hits your rat. The sling bullet burns your rat.
Your rat dies!
Your rat's corpse disappears in a puff of smoke!
Casting: Summon Small Mammal (safe; 2% risk of failure)
Confirm with . or Enter, or press ? or * to list all spells.
The goblin shoots a sling bullet.
The sling bullet misses you.
Casting: Summon Small Mammal (safe; 2% risk of failure)
Confirm with . or Enter, or press ? or * to list all spells.
You are near starving!
The goblin shoots a sling bullet.
The sling bullet hits you!
Ouch! That really hurt!
You die...

#######
#.....#
#.###.# ###
#.#...#g..
#.#.#.#.##
#.#.#<...#
#####'#+#....#
#......r(##.##
#....r.@.# .#
#........# .#
#.......r# #
#........#
#........#
#........#
#........#
#.........


You could see a goblin, a friendly quokka (summoned) and 2 friendly rats.

Vanquished Creatures (collateral kills)
  A ball python (D:1)
  3 goblins (D:1)
  2 hobgoblins (D:1)
  3 kobolds (D:1)
  A bat (D:1)
  2 rats (D:1)
12 creatures vanquished.

Notes
Turn   | Place    | Note
-------+----------+-------------------------------------------
     0 | D:1      | HawFromDerth the Deep Elf Summoner began the quest for the
                  | Orb.
     0 | D:1      | Reached XP level 1. HP: 10/10 MP: 6/6
  1613 | D:1      | Reached XP level 2. HP: 11/15 MP: 4/8
  2155 | D:2      | Shot with a sling bullet by a goblin

Illustrated notes

Levels and vault maps discovered:
D:1:      dpeg_arrival_circle_labyrinth_c, layout_basic,
          hangedman_feature_mirror
D:2:      kennysheep_six_static_rooms, layout_basic, xom_butterflies,
          uniq_sigmund

Action                   || total
-------------------------++-------
 Cast: Summon Small Mamm ||    48
  Eat: Chunk             ||     2
Dodge: Dodged            ||     4
